cohdb
Replays
Latest Replays
All Replays
Popular Replays
Top Player Replays
Match Explorer
How It Works
Community
CoH3 Stats
Reddit
Sign in to upload your games and track your stats! →
Sign in with Steam
Match 36436904
Unlisted
Match 36436904
Overview
Messages
Build Orders
End
Kradschützen Motorcycle Team
250 Light Carrier
Selects Armored Support Battlegroup
Panzergrenadier Squad
Panzergrenadier Squad
Construct Light Support Kompanie
Selects Superior Fire Drills
Fire Support Elements
Flakvierling Half-track
Pak 38 Mechanized Group
2.5-tonne Medical Truck
Veteran Squad Leaders
MG34 Team
Selects Salvage Kits
le.IG 18 Support Gun Team
Selects Panzer Storm
Construct Panzerarmee Kommand
Walking Stuka Rocket Launcher
Flakvierling Half-track
Panzergrenadier Squad
Walking Stuka Rocket Launcher
Selects Stuka Dive Bomb
deadsadbadmad
Alessandro-9891
DCッ
CloneCharlz
0
0
Comments
sign in to comment!
No comments posted yet!